TOP OF THE 1ST |
Lakewood BlueClaws batting - Pitching for Hartford Yard Goats : RHP Sipi Kilpinen
|
Pitching: RHP Sipi Kilpinen
|
|
Batting: LHB Osamu Kubo
|
0-0: Foul Ball, location: 2F 0-1: Ball 1-1: Swinging Strike 1-2: Ball 2-2: Strikes out swinging
|
Batting: RHB Alberto Ramirez
|
0-0: Called Strike 0-1: Ball 1-1: Ball 2-1: Ball 3-1: SINGLE (Flyball, 78S, EV 93.1 MPH)
|
Batting: SHB Bob Dixon
|
0-0: Ball 1-0: Called Strike 1-1: Ball 2-1: Ball Wild Pitch! Alberto Ramirez to second 3-1: Called Strike 3-2: DOUBLE (Groundball, 3L, EV 101.3 MPH) Alberto Ramirez scores
|
Batting: RHB William-Floyd Goof
|
0-0: Called Strike 0-1: Fly out, F4 (Popup, 13S, EV 77.5 MPH)
|
Batting: RHB Victor Arroyo
|
0-0: Foul Ball, location: 2F 0-1: Called Strike 0-2: Foul Ball, location: 2F 0-2: Foul Ball, location: 2F 0-2: Ball 1-2: Foul Ball, location: 2F 1-2: Ball 2-2: Ball 3-2: Foul Ball, location: 2F 3-2: Fly out, F7 (Line Drive, 7, EV 93.1 MPH)
|
Top of the 1st over - 1 run, 2 hits, 0 errors, 1 left on base; Lakewood 1 - Hartford 0 |
BOTTOM OF THE 1ST |
Hartford Yard Goats batting - Pitching for Lakewood BlueClaws : LHP Brian Wildrick
|
Pitching: LHP Brian Wildrick
|
|
Batting: SHB Eddie Quinones
|
0-0: Foul Ball, location: 2F 0-1: Ball 1-1: Called Strike 1-2: Ground out 5-3 (Groundball, 5, EV 88.1 MPH)
|
Batting: RHB Justin Williams
|
0-0: Called Strike 0-1: Fly out, F7 (Line Drive, 7D, EV 93.1 MPH)
|
Batting: SHB Bobby Santor
|
0-0: Ball 1-0: Swinging Strike 1-1: Foul Ball, location: 2F 1-2: Foul Ball, location: 2F 1-2: Foul Ball, location: 2F 1-2: DOUBLE (Flyball, 8RXD, EV 112.5 MPH)
|
Batting: RHB Kian-tat Chen
|
0-0: Ball 1-0: Ball 2-0: Called Strike 2-1: Foul Ball, location: 2F 2-2: Ball 3-2: Foul Ball, location: 2F 3-2: Foul Ball, location: 2F 3-2: Strikes out swinging
|
Bottom of the 1st over - 0 runs, 1 hit, 0 errors, 1 left on base; Lakewood 1 - Hartford 0 |
TOP OF THE 2ND |
Lakewood BlueClaws batting - Pitching for Hartford Yard Goats : RHP Sipi Kilpinen
|
Batting: RHB Roberto Ruiz
|
0-0: Ground out 6-3 (Groundball, 6S, EV 81.9 MPH)
|
Batting: LHB Troy Hodge
|
0-0: Ground out U3 (Groundball, 34S, EV 71.3 MPH)
|
Batting: SHB Mike Rueth
|
0-0: Called Strike 0-1: Called Strike 0-2: Foul Ball, location: 2F 0-2: Ground out U3 (Groundball, 3, EV 79.4 MPH)
|
Top of the 2nd over - 0 runs, 0 hits, 0 errors, 0 left on base; Lakewood 1 - Hartford 0 |
BOTTOM OF THE 2ND |
Hartford Yard Goats batting - Pitching for Lakewood BlueClaws : LHP Brian Wildrick
|
Batting: RHB Eric Garrett
|
0-0: Called Strike 0-1: Ball 1-1: Called Strike 1-2: DOUBLE (Line Drive, 9LS, EV 106.9 MPH)
|
Batting: LHB Jeremy Brammer
|
0-0: Called Strike 0-1: Ball 1-1: Foul Ball, location: 2F 1-2: Ball 2-2: Strikes out looking
|
Batting: RHB Jerry Edmiston
|
0-0: Ball 1-0: Ground out 5-3 (Groundball, 56, EV 96.9 MPH)
|
Batting: RHB Steve Waltenbery
|
0-0: Called Strike 0-1: Called Strike 0-2: Foul Ball, location: 2F 0-2: 2-RUN HOME RUN (Line Drive, 7D, EV 101.3 MPH), Distance : 394 ft
|
Batting: LHB Mick Knopp
|
0-0: SINGLE (Groundball, 6M, EV 100.0 MPH) (infield hit)
|
Batting: SHB Eddie Quinones
|
0-0: Called Strike 0-1: Ball 1-1: Ball Mick Knopp steals 2nd base (no throw) 2-1: Ball 3-1: Called Strike 3-2: Ground out 6-3 (Groundball, 6, EV 85.6 MPH)
|
Bottom of the 2nd over - 2 runs, 3 hits, 0 errors, 1 left on base; Lakewood 1 - Hartford 2 |
TOP OF THE 3RD |
Lakewood BlueClaws batting - Pitching for Hartford Yard Goats : RHP Sipi Kilpinen
|
Batting: RHB Pablo Lopez
|
0-0: Swinging Strike 0-1: Ball 1-1: Fly out, F4 (Line Drive, 4, EV 68.8 MPH)
|
Batting: LHB Osamu Kubo
|
0-0: Ground out U3 (Groundball, 3, EV 81.9 MPH)
|
Batting: RHB Alberto Ramirez
|
0-0: Called Strike 0-1: Foul Ball, location: 2F 0-2: Ball 1-2: Ball 2-2: Strikes out swinging
|
Top of the 3rd over - 0 runs, 0 hits, 0 errors, 0 left on base; Lakewood 1 - Hartford 2 |
BOTTOM OF THE 3RD |
Hartford Yard Goats batting - Pitching for Lakewood BlueClaws : LHP Brian Wildrick
|
Batting: RHB Justin Williams
|
0-0: Ball 1-0: Called Strike 1-1: Ball 2-1: Called Strike 2-2: Ball 3-2: Foul Ball, location: 2F 3-2: Fly out, F7 (Flyball, 78D, EV 108.1 MPH)
|
Batting: SHB Bobby Santor
|
0-0: Called Strike 0-1: Foul Ball, location: 2F 0-2: Foul Ball, location: 2F 0-2: Ball 1-2: Ball 2-2: Fly out, F9 (Flyball, 9, EV 86.3 MPH)
|
Batting: RHB Kian-tat Chen
|
0-0: Ball 1-0: Ground out 1-3 (Groundball, 34S, EV 70.6 MPH)
|
Bottom of the 3rd over - 0 runs, 0 hits, 0 errors, 0 left on base; Lakewood 1 - Hartford 2 |
TOP OF THE 4TH |
Lakewood BlueClaws batting - Pitching for Hartford Yard Goats : RHP Sipi Kilpinen
|
Batting: SHB Bob Dixon
|
0-0: Ground out U3 (Groundball, 34S, EV 89.4 MPH)
|
Batting: RHB William-Floyd Goof
|
0-0: Foul Ball, location: 2F 0-1: Ground out 6-3 (Groundball, 6M, EV 104.4 MPH)
|
Batting: RHB Victor Arroyo
|
0-0: Called Strike 0-1: Ball 1-1: Ball 2-1: Ball 3-1: Base on Balls
|
Batting: RHB Roberto Ruiz
|
0-0: Ball 1-0: Foul Ball, location: 2F 1-1: Ball 2-1: Ball 3-1: Reached on error, E2 (Groundball, 13S, EV 73.8 MPH) Victor Arroyo to third
|
Batting: LHB Troy Hodge
|
0-0: Foul Ball, location: 2F 0-1: Foul Ball, location: 2F 0-2: Ball 1-2: Strikes out swinging
|
Top of the 4th over - 0 runs, 0 hits, 1 error, 2 left on base; Lakewood 1 - Hartford 2 |
BOTTOM OF THE 4TH |
Hartford Yard Goats batting - Pitching for Lakewood BlueClaws : LHP Brian Wildrick
|
Batting: RHB Eric Garrett
|
0-0: Ball 1-0: Foul Ball, location: 2F 1-1: SINGLE (Groundball, 6MS, EV 67.5 MPH) (infield hit)
|
Batting: LHB Jeremy Brammer
|
0-0: Ball 1-0: Fly out, F7 (Line Drive, 7, EV 97.5 MPH)
|
Batting: RHB Jerry Edmiston
|
0-0: Ball 1-0: Fly out, F8 (Flyball, 8RM, EV 81.3 MPH)
|
Batting: RHB Steve Waltenbery
|
0-0: Ball 1-0: Foul Ball, location: 2F 1-1: SINGLE (Groundball, 13, EV 69.4 MPH) (infield hit) Eric Garrett to second
|
Batting: LHB Mick Knopp
|
0-0: Ball 1-0: Called Strike 1-1: Ball 2-1: Fly out, F4 (Popup, 4, EV 59.4 MPH)
|
Bottom of the 4th over - 0 runs, 2 hits, 0 errors, 2 left on base; Lakewood 1 - Hartford 2 |
TOP OF THE 5TH |
Lakewood BlueClaws batting - Pitching for Hartford Yard Goats : RHP Sipi Kilpinen
|
Batting: SHB Mike Rueth
|
0-0: Foul Ball, location: 2F 0-1: Ball 1-1: Foul Ball, location: 2F 1-2: Foul Ball, location: 2F 1-2: Fly out, F8 (Line Drive, 8RM, EV 86.9 MPH)
|
Batting: RHB Pablo Lopez
|
0-0: Ground out 5-3 (Groundball, 56, EV 103.1 MPH)
|
Batting: LHB Osamu Kubo
|
0-0: Foul Ball, location: 2F 0-1: Ball 1-1: Ball 2-1: SINGLE (Line Drive, 4MD, EV 95.6 MPH)
|
Batting: RHB Alberto Ramirez
|
0-0: Swinging Strike 0-1: Foul Ball, location: 2F 0-2: Ball 1-2: Fly out, F1 (Line Drive, P, EV 65.6 MPH)
|
Top of the 5th over - 0 runs, 1 hit, 0 errors, 1 left on base; Lakewood 1 - Hartford 2 |
BOTTOM OF THE 5TH |
Hartford Yard Goats batting - Pitching for Lakewood BlueClaws : LHP Brian Wildrick
|
Batting: SHB Eddie Quinones
|
0-0: Called Strike 0-1: Ball 1-1: Ball 2-1: Fly out, F9 (Flyball, 9S, EV 71.3 MPH)
|
Batting: RHB Justin Williams
|
0-0: Ball 1-0: Ball 2-0: Called Strike 2-1: DOUBLE (Line Drive, 9LM, EV 92.5 MPH)
|
Batting: SHB Bobby Santor
|
0-0: Ball 1-0: Ball 2-0: Ball 3-0: Base on Balls
|
Pitching: RHP Ricardo Dominguez
|
|
Batting: RHB Kian-tat Chen
|
0-0: Ball 1-0: Fielders Choice at 2nd, 5-4 (Groundball, 56, EV 83.1 MPH) Justin Williams to third
|
Batting: RHB Eric Garrett
|
0-0: Ball 1-0: Ball 2-0: Called Strike 2-1: Called Strike 2-2: Strikes out swinging
|
Bottom of the 5th over - 0 runs, 1 hit, 0 errors, 2 left on base; Lakewood 1 - Hartford 2 |
TOP OF THE 6TH |
Lakewood BlueClaws batting - Pitching for Hartford Yard Goats : RHP Sipi Kilpinen
|
Batting: SHB Bob Dixon
|
0-0: Hit by Pitch
|
Batting: RHB William-Floyd Goof
|
0-0: Ball 1-0: Called Strike 1-1: Ball 2-1: Foul Ball, location: 2F 2-2: Foul Ball, location: 2F 2-2: Strikes out swinging
|
Batting: RHB Victor Arroyo
|
0-0: Ball 1-0: Swinging Strike 1-1: Called Strike 1-2: Ball 2-2: Foul Ball, location: 2F 2-2: Foul Ball, location: 2F 2-2: Ball 3-2: Base on Balls Bob Dixon to second
|
Pitching: RHP Nate Dallman
|
|
Batting: RHB Roberto Ruiz
|
0-0: Ball 1-0: Ball 2-0: Fielders Choice at 2nd, 1-6 (Groundball, 13, EV 74.4 MPH) Bob Dixon to third
|
Batting: LHB Troy Hodge
|
0-0: Ball 1-0: Ball 2-0: Called Strike 2-1: Ball 3-1: Called Strike 3-2: Strikes out swinging
|
Top of the 6th over - 0 runs, 0 hits, 0 errors, 2 left on base; Lakewood 1 - Hartford 2 |
BOTTOM OF THE 6TH |
Hartford Yard Goats batting - Pitching for Lakewood BlueClaws : RHP Ricardo Dominguez
|
Batting: LHB Jeremy Brammer
|
0-0: Ball 1-0: Ball 2-0: Foul Ball, location: 2F 2-1: Ball 3-1: Foul Ball, location: 2F 3-2: Foul Ball, location: 2F 3-2: Base on Balls
|
Batting: RHB Jerry Edmiston
|
0-0: Fielders Choice at 2nd, 3-6 (Groundball, 34, EV 86.3 MPH)
|
Batting: RHB Steve Waltenbery
|
0-0: Ball 1-0: Ball 2-0: Called Strike 2-1: Foul Ball, location: 2F 2-2: Ground out 5-3 (Groundball, 56S, EV 68.1 MPH) Jerry Edmiston to second
|
Pitching: RHP Derek Ziolkowski
|
|
Batting: LHB Mick Knopp
|
0-0: Called Strike 0-1: Ball 1-1: SINGLE (Line Drive, 78M, EV 108.8 MPH) Jerry Edmiston to third Throwing error, E8 Jerry Edmiston scores Mick Knopp to second
|
Batting: SHB Eddie Quinones
|
0-0: Called Strike 0-1: Fly out, F2 (Popup, 5SF, EV 85.6 MPH)
|
Bottom of the 6th over - 1 run, 1 hit, 1 error, 1 left on base; Lakewood 1 - Hartford 3 |
TOP OF THE 7TH |
Lakewood BlueClaws batting - Pitching for Hartford Yard Goats : RHP Nate Dallman
|
Batting: SHB Mike Rueth
|
0-0: Ball 1-0: DOUBLE (Groundball, 3L, EV 107.5 MPH)
|
Batting: RHB Pablo Lopez
|
0-0: Ball 1-0: Ball 2-0: Swinging Strike 2-1: Swinging Strike 2-2: Foul Ball, location: 2F 2-2: Strikes out swinging
|
Batting: LHB Osamu Kubo
|
0-0: Called Strike 0-1: Ground out 4-3 (Groundball, 34, EV 99.4 MPH) Mike Rueth to third
|
Batting: RHB Alberto Ramirez
|
0-0: Ball 1-0: Ball 2-0: Ball 3-0: Base on Balls
|
Batting: SHB Bob Dixon
|
0-0: Ball 1-0: Swinging Strike 1-1: Ball 2-1: SINGLE (Line Drive, 9S, EV 100.0 MPH) Mike Rueth scores Alberto Ramirez to second
|
Pinch Hitting: SHB Chris Perteet
|
0-0: Ball 1-0: Swinging Strike 1-1: Foul Ball, location: 2F 1-2: Ball 2-2: Foul Ball, location: 2F 2-2: Fly out, F7 (Flyball, 7D, EV 93.8 MPH)
|
Top of the 7th over - 1 run, 2 hits, 0 errors, 2 left on base; Lakewood 2 - Hartford 3 |
BOTTOM OF THE 7TH |
Hartford Yard Goats batting - Pitching for Lakewood BlueClaws : RHP Derek Ziolkowski
|
Now in CF: Steve Jones
|
|
Batting: RHB Justin Williams
|
0-0: Ball 1-0: Foul Ball, location: 2F 1-1: Called Strike 1-2: Foul Ball, location: 2F 1-2: Ball 2-2: Ball 3-2: Base on Balls
|
Batting: SHB Bobby Santor
|
0-0: Foul Ball, location: 2F 0-1: Ball 1-1: Foul Ball, location: 2F 1-2: Ball 2-2: Fly out, F8 (Flyball, 89D, EV 95.0 MPH)
|
Batting: RHB Kian-tat Chen
|
0-0: Called Strike 0-1: Ball 1-1: Ball 2-1: Ball 3-1: Base on Balls Justin Williams to second
|
Batting: RHB Eric Garrett
|
0-0: Ball 1-0: Called Strike 1-1: Foul Ball, location: 2F 1-2: Ball 2-2: Strikes out swinging
|
Batting: LHB Jeremy Brammer
|
0-0: Called Strike 0-1: Ball 1-1: Foul Ball, location: 2F 1-2: Ball 2-2: Foul Ball, location: 2F 2-2: Ball 3-2: Foul Ball, location: 2F 3-2: DOUBLE (Flyball, 89XD, EV 93.1 MPH) Justin Williams scores Kian-tat Chen to third Kian-tat Chen scores
|
Pitching: RHP Ronnie DeAngelo
|
|
Batting: RHB Jerry Edmiston
|
0-0: Fly out, F2 (Popup, 3SF, EV 82.5 MPH)
|
Bottom of the 7th over - 2 runs, 1 hit, 0 errors, 1 left on base; Lakewood 2 - Hartford 5 |
TOP OF THE 8TH |
Lakewood BlueClaws batting - Pitching for Hartford Yard Goats : RHP Nate Dallman
|
Pitching: RHP Travis Porter
|
|
Batting: RHB Victor Arroyo
|
0-0: Ball 1-0: Ball 2-0: Ball 3-0: Called Strike 3-1: Base on Balls
|
Batting: RHB Roberto Ruiz
|
0-0: Called Strike 0-1: Ball 1-1: Ball 2-1: Foul Ball, location: 2F 2-2: Strikes out looking
|
Batting: LHB Troy Hodge
|
0-0: Ball 1-0: Foul Ball, location: 2F 1-1: Swinging Strike 1-2: DOUBLE (Line Drive, 9LM, EV 105.0 MPH) Victor Arroyo to third
|
Batting: SHB Mike Rueth
|
0-0: Ball 1-0: Called Strike 1-1: Foul Ball, location: 2F 1-2: Strikes out swinging
|
Batting: RHB Pablo Lopez
|
0-0: Called Strike 0-1: Called Strike 0-2: Foul Ball, location: 2F 0-2: Strikes out looking
|
Top of the 8th over - 0 runs, 1 hit, 0 errors, 2 left on base; Lakewood 2 - Hartford 5 |
BOTTOM OF THE 8TH |
Hartford Yard Goats batting - Pitching for Lakewood BlueClaws : RHP Ronnie DeAngelo
|
Batting: RHB Steve Waltenbery
|
0-0: Called Strike 0-1: SOLO HOME RUN (Line Drive, 89XD, EV 100.0 MPH), Distance : 413 ft
|
Batting: LHB Mick Knopp
|
0-0: Ball 1-0: Ball 2-0: Ball 3-0: Swinging Strike 3-1: Called Strike 3-2: Foul Ball, location: 2F 3-2: Base on Balls
|
Batting: SHB Eddie Quinones
|
0-0: Called Strike 0-1: Ball Mick Knopp steals 2nd base (no throw) 1-1: Swinging Strike 1-2: Ball 2-2: Ball 3-2: Hit by Pitch
|
Batting: RHB Justin Williams
|
0-0: Ball 1-0: Ball 2-0: Sac Bunt to 3S - play at first, batter OUT! 3-4 Mick Knopp to third Eddie Quinones to second
|
Batting: SHB Bobby Santor
|
0-0: 3-RUN HOME RUN (Flyball, 9LD, EV 94.4 MPH), Distance : 350 ft
|
Pitching: RHP Dustin Hensley
|
|
Batting: RHB Kian-tat Chen
|
0-0: Ground out 5-3 (Groundball, 56, EV 83.8 MPH)
|
Batting: RHB Eric Garrett
|
0-0: SOLO HOME RUN (Flyball, 7D, EV 98.8 MPH), Distance : 365 ft
|
Batting: LHB Jeremy Brammer
|
0-0: Fly out, F9 (Flyball, 9, EV 87.5 MPH)
|
Bottom of the 8th over - 5 runs, 3 hits, 0 errors, 0 left on base; Lakewood 2 - Hartford 10 |
TOP OF THE 9TH |
Lakewood BlueClaws batting - Pitching for Hartford Yard Goats : RHP Travis Porter
|
Batting: LHB Osamu Kubo
|
0-0: Ball 1-0: Foul Ball, location: 2F 1-1: DOUBLE (Line Drive, 78M, EV 95.0 MPH)
|
Pinch Hitting: RHB Kyle Morse
|
0-0: Swinging Strike 0-1: Called Strike 0-2: Strikes out swinging
|
Batting: SHB Bob Dixon
|
0-0: Called Strike 0-1: Foul Ball, location: 2F 0-2: Ball 1-2: Strikes out looking
|
Pinch Hitting: LHB Jose Carlos
|
0-0: Ball 1-0: Ball 2-0: Called Strike 2-1: Foul Ball, location: 2F 2-2: Strikes out swinging
|
Top of the 9th over - 0 runs, 1 hit, 0 errors, 1 left on base; Lakewood 2 - Hartford 10 |
|